 Dungeon Crawl Stone Soup version 0.19-a0-1834-g6b7851e (webtiles) character file.

41 hurricos the Chopper (level 3, -2/27 HPs)
             Began as a Demonspawn Gladiator on Oct 9, 2016.
             Slain by a gnoll
             ... wielding a +0 halberd
              (9 damage)
             ... on level 2 of the Dungeon.
             The game lasted 00:00:54 (967 turns).

hurricos the Chopper (Demonspawn Gladiator)          Turns: 967, Time: 00:00:54

Health: -2/27      AC:  5    Str: 15    XL:     3   Next: 32%
Magic:  3/3        EV: 12    Int:  9    God:
Gold:   66         SH:  0    Dex: 14    Spells: 0 memorised, 2 levels left

rFire  . . .     SeeInvis .     a - +0 war axe
rCold  . . .     Gourm    .     b - +0 leather armour
rNeg   . . .     Faith    .     (no shield)
rPois  .         Spirit   .     c - +0 helmet
rElec  .         Dismiss  .     e - +0 cloak
rCorr  .         Reflect  .     (no gloves)
MR     .....     Harm     .     (no boots)
Stlth  +.........               (no amulet)
                                (no ring)
                                (no ring)

@: no status effects
A: demonic guardian 1
a: no special abilities


You were on level 2 of the Dungeon.
You were not hungry.

You visited 1 branch of the dungeon, and saw 2 of its levels.

You collected 66 gold pieces.

Inventory:

Hand Weapons
 a - a +0 war axe (weapon)
Armour
 b - a +0 leather armour (worn)
 c - a +0 helmet (worn)
 e - a +0 cloak (worn)
Jewellery
 l - a +1 ring of slaying {unknown}
Scrolls
 j - a scroll of identify {unknown}
Potions
 g - a potion of lignification {unknown}
 h - a potion of brilliance {unknown}
 i - 2 potions of curing {unknown}
 k - a potion of resistance {unknown}
Comestibles
 f - 2 bread rations


   Skills:
 - Level 2.0 Fighting
 * Level 4.0 Axes
 - Level 1.7 Throwing
 - Level 2.6 Dodging


You had 2 spell levels left.
You didn't know any spells.

Dungeon Overview and Level Annotations

Branches:
Dungeon (2/15)

Altars:


Innate Abilities, Weirdness & Mutations

A weak demonic guardian rushes to your aid.


Message History

Throwing (i - inventory):
d - 2 throwing nets (quivered)
Press: ? - help, Shift-Dir - straight line, f/p - gnoll
Aim: a gnoll, wielding a halberd (lightly wounded)
You throw a throwing net.
The throwing net barely misses the gnoll.
The gnoll hits you with a halberd!
* * * LOW HITPOINT WARNING * * *
You completely miss the gnoll.
The gnoll is lightly wounded.
The gnoll barely misses you.
You hit the gnoll.
The gnoll is moderately wounded.
The gnoll misses you.
Throwing (i - inventory):
d - a throwing net (quivered)
Press: ? - help, Shift-Dir - straight line, f/p - gnoll
Aim: a gnoll, wielding a halberd (moderately wounded)
You throw a throwing net.
The throwing net closely misses the gnoll.
The gnoll hits you with a halberd!
You die...

..........##.......#
...................# .....
....)......#.......# .....
...........#.#####.# #..>.
######.#.#.#.# #.# #....
#.#.#.#.#####.### #....
#.#.#.#.........# #....
#.#.#.#######...########..).
#.#.#(....g@#.)........'.)..
#####.#.......###...########....
#..............g....# #....
#......#......###...########....
#......#......# #..........#....
#......#......# #..........#....
#......######## #..........#?...
#......# #......)...#....
#......# ##.........#


You could see a gnoll.

Vanquished Creatures
  A gnoll (D:2)
  An ooze (D:1)
  A dart slug (D:1)
  A leopard gecko (D:1)
  2 giant cockroaches (D:1)
  4 goblins
  6 kobolds (D:1)
  A quokka (D:2)
  2 bats (D:1)
  2 frilled lizards (D:1)
  A rat (D:1)
22 creatures vanquished.

Vanquished Creatures (collateral kills)
  A gnoll (D:2)
1 creature vanquished.

Grand Total: 23 creatures vanquished

Notes
Turn   | Place    | Note
-------+----------+-------------------------------------------
     0 | D:1      | hurricos the Demonspawn Gladiator began the quest for the Orb.
     0 | D:1      | Reached XP level 1. HP: 16/16 MP: 1/1
    16 | D:1      | Reached skill level 3 in Axes
    24 | D:1      | Gained mutation: A weak demonic guardian rushes to your aid. [demonic ancestry]
    24 | D:1      | Reached XP level 2. HP: 12/22 MP: 2/2
   760 | D:2      | Reached XP level 3. HP: 27/27 MP: 3/3
   769 | D:2      | Reached skill level 4 in Axes
   967 | D:2      | Slain by a gnoll

Vault maps used:
D:1:      dpeg_arrival_chase, serial_park_tiny_pond, minmay_misc_feat_hallway
D:2:      first_bread

Skill      XL: |  1  2  3 |
---------------+----------+-----
Axes           | 3 4 |  4.0
Fighting       | |  2.0
Throwing       | |  1.7
Dodging        | |  2.6

Action                   || total
-------------------------++-------
Melee: War axe           ||    68
Throw: Throwing net      ||     3
Armor: Leather armour    ||    28
Dodge: Dodged            ||    66
